 Dungeon Crawl Stone Soup version 0.24.0-123-gd5b16e6ec5 (webtiles) character file.

Game seed: 15510838459713160947, levelgen mode: deterministic

4424 DungeonDestroyer the Blocker (level 10, -17/82 HPs)
             Began as a Gnoll Fighter on Feb 2, 2020.
             Was a Believer of the Shining One.
             Demolished by a two-headed ogre
             ... wielding a +0 giant spiked club
              (19 damage)
             ... on level 8 of the Dungeon.
             The game lasted 00:20:34 (6037 turns).

DungeonDestroyer the Blocker (Gnoll Fighter)        Turns: 6037, Time: 00:20:35

Health: -17/82     AC: 19    Str: 22    XL:     10   Next: 36%
Magic:  17/17      EV:  5    Int: 15    God:    the Shining One [**....]
Gold:   447        SH: 13    Dex: 16    Spells: 18/19 levels left

rFire    + . .     SeeInvis .   H - +4 mace
rCold    + + .     Gourm    .   c - +1 shield
rNeg     + . .     Faith    .   x - +0 gold dragon scales
rPois    +         Spirit   .   C - +2 hat
rElec    .         Reflect  .   (no cloak)
rCorr    .         Harm     .   n - +0 pair of gloves
MR       .....                  (no boots)
Stlth    ..........             y - amulet of the acrobat
HPRegen  0.23/turn              i - +2 ring of strength
MPRegen  0.15/turn              j - +2 ring of intelligence

@: glowing
A: distributed training, fangs 1, horns 1, clever 1, cold resistance 1,
MP-powered wands, strong nose
a: Divine Shield, Renounce Religion


You were on level 8 of the Dungeon.
You worshipped the Shining One.
The Shining One was pleased with you.
You were not hungry.

You visited 1 branch of the dungeon, and saw 9 of its levels.

You collected 519 gold pieces.
You spent 72 gold pieces at shops.

Inventory:

Hand Weapons
 a - a +1 war axe
 z - a +1 mace of holy wrath
 H - a +4 mace (weapon)
Missiles
 g - 23 poisoned darts (quivered)
 k - 97 arrows
 l - 145 stones
 q - 10 boomerangs
 s - 61 sling bullets
 v - 5 javelins
 A - 24 bolts
 E - 4 curare-tipped darts
Armour
 c - a +1 shield (worn)
 n - a +0 pair of gloves (worn)
 x - +0 gold dragon scales (worn)
 C - a +2 hat (worn)
Jewellery
 i - a +2 ring of strength (left hand)
 j - a +2 ring of intelligence (right hand)
 y - an amulet of the acrobat (around neck)
 B - an uncursed ring of flight
Wands
 h - a wand of iceblast (5)
 G - a wand of digging (6)
Scrolls
 e - 4 scrolls of remove curse
 m - 2 scrolls of blinking
 p - a scroll of identify
 r - 6 scrolls of teleportation
 u - a scroll of enchant armour
 F - a scroll of amnesia
Potions
 b - 2 potions of mutation
 d - 2 potions of might
 o - a potion of flight
 t - 3 potions of lignification
 w - 4 potions of curing
 D - 2 potions of haste
Comestibles
 f - a ration


   Skills:
 + Level 8.4 Fighting
 + Level 5.1 Short Blades
 + Level 5.1 Long Blades
 + Level 6.9 Axes
 + Level 5.1 Maces & Flails
 + Level 5.1 Polearms
 + Level 5.1 Staves
 + Level 5.1 Slings
 + Level 5.1 Bows
 + Level 5.1 Crossbows
 + Level 5.1 Throwing
 + Level 8.4 Armour
 + Level 5.1 Dodging
 + Level 5.1 Stealth
 + Level 8.4 Shields
 + Level 5.1 Unarmed Combat
 + Level 5.1 Spellcasting
 + Level 4.2 Conjurations
 + Level 4.2 Hexes
 + Level 4.2 Charms
 + Level 4.2 Summonings
 + Level 4.2 Necromancy
 + Level 4.2 Translocations
 + Level 4.2 Transmutations
 + Level 4.2 Fire Magic
 + Level 4.2 Ice Magic
 + Level 4.2 Air Magic
 + Level 4.2 Earth Magic
 + Level 4.2 Poison Magic
 + Level 5.6 Invocations
 + Level 5.1 Evocations


You had 18 spell levels left.
You knew the following spells:

 Your Spells              Type           Power        Failure   Level  Hunger
a - Apportation           Tloc           ###...       99%         1    None

Your spell library contained the following spells:

 Spells                   Type           Power        Failure   Level  Hunger
 Animate Skeleton         Necr           N/A          99%         1    None
 Confusing Touch          Hex            ###...       99%         1    None
 Flame Tongue             Conj/Fire      ###..        99%         1    None
 Sandblast                Erth           ###...       99%         1    None
 Summon Small Mammal      Summ           ###.         99%         1    None
 Passwall                 Tmut/Erth      ###.....     100%        2    ##.....
 Throw Flame              Conj/Fire      ###...       100%        2    ##.....
 Conjure Flame            Conj/Fire      ###.....     100%        3    ###....
 Inner Flame              Hex/Fire       ###.....     100%        3    ###....
 Stone Arrow              Conj/Erth      ###...       100%        3    ###....
 Petrify                  Tmut/Erth      ###.....     100%        4    ####...
 Sticky Flame             Conj/Fire      ###.....     100%        4    ####...
 Fireball                 Conj/Fire      ###.......   100%        5    ######.
 Lee's Rapid Deconstruct  Erth           ###.......   100%        5    ######.


Dungeon Overview and Level Annotations

Branches:
Dungeon (9/15)             Temple (0/1) D:5             Orc (0/2) D:9
   Lair: D:8-11

Altars:
Ashenzari
Fedhas
Kikubaaqudgha
Nemelex Xobeh
Vehumet
Yredelemnul
The Shining One

Shops:
D:4 !   D:6 !   D:8 :   D:9 :


Innate Abilities, Weirdness & Mutations

Your experience applies equally to all skills.
You have very sharp teeth.
Your uncanny sense of smell can sniff out nearby items.
You have a pair of small horns on your head.
Your mind is acute. (Int +2)
Your flesh is cold resistant. (rC+)
You expend magic power (3 MP) to strengthen your wands.


Message History

The two-headed ogre is heavily wounded.
You block the two-headed ogre's attack. x2
You sock the two-headed ogre! You headbutt the two-headed ogre.
Your bite misses the two-headed ogre.
The two-headed ogre is severely wounded.
You block the two-headed ogre's attack. x2
You hit the two-headed ogre.
The two-headed ogre is severely wounded.
Your divine shield fades away.
Your gold dragon scales prevents you from hitting the two-headed ogre.
The two-headed ogre is severely wounded.
The two-headed ogre hits you with a +0 giant spiked club.
* * * LOW HITPOINT WARNING * * *
The two-headed ogre hits you with a cursed -1 giant spiked club!
* * * LOW HITPOINT WARNING * * *
You sock the two-headed ogre!
Your headbutt misses the two-headed ogre.
The two-headed ogre is almost dead.
The two-headed ogre hits you with a +0 giant spiked club!!
You die...

.# #....#...#.####.#.# ##.#..
.######...#.####.# #.#.# #.....
.#...............# #...# #..#..
.#.##.......####.###########..#..
.#.##.#..#### #..........##..##.
.#.##.#..# #.########.##..###
...<..#..# #.# #.#.#....
.###..#..# #.# #...#####
.###.....# #@# ###.## ##
......##.# #O# ##.###.
.........## #r# ##...#
#...#.....######.# ##.##
#####.........##.####### #.#
#))...##...........### #.#
#.)..###..##.###.....# #.# #.#.##
#..##)##....#.#####.# #####.#.#
#..##.#.............#


You could see a two-headed ogre and a porcupine.

Vanquished Creatures
  Harold (D:9)
  A two-headed ogre (D:8)
  Prince Ribbit (D:8)
  Sigmund (D:5)
  A vampire (D:8)
  A hungry ghost (D:8)
  Grum (D:8)
  A water moccasin (D:7)
  A black bear (D:8)
  An orc warrior (D:7)
  2 sky beasts
  2 ogres
  A phantom (D:7)
  2 wolves (D:8)
  2 big kobolds (D:8)
  6 bullfrogs
  A scorpion (D:8)
  A centaur zombie (D:7)
  3 crimson imps
  A quasit (D:6)
  A bullfrog zombie (D:9)
  A hound (D:4)
  5 orc priests
  2 iguanas (D:5)
  4 orc wizards
  2 worker ants (D:4)
  2 howler monkey zombies
  9 adders
  4 gnolls (D:2)
  A shadow imp (D:6)
  An ooze (D:1)
  2 worms (D:2)
  A dart slug (D:2)
  5 leopard geckos
  29 orcs
  8 giant cockroaches
  7 goblins
  5 hobgoblins
  7 jackals
  16 kobolds
  6 quokkas
  A ball python (D:6)
  4 bats
  2 frilled lizards
  A leopard gecko skeleton (D:4)
  A quokka zombie (D:8)
  4 rats
162 creatures vanquished.

Notes
Turn   | Place    | Note
-------+----------+-------------------------------------------
     0 | D:1      | DungeonDestroyer the Gnoll Fighter began the quest for the
                  | Orb.
     0 | D:1      | Reached XP level 1. HP: 23/23 MP: 1/1
    12 | D:1      | Reached XP level 2. HP: 18/29 MP: 2/2
   524 | D:1      | Found a glowing golden altar of the Shining One.
   789 | D:2      | Reached XP level 3. HP: 35/35 MP: 3/3
   884 | D:2      | Found a glowing golden altar of the Shining One.
   914 | D:2      | Became a worshipper of the Shining One
   983 | D:2      | Reached skill level 1 in Invocations
  1145 | D:2      | Reached skill level 1 in Short Blades
  1145 | D:2      | Reached skill level 1 in Long Blades
  1145 | D:2      | Reached skill level 1 in Maces & Flails
  1145 | D:2      | Reached skill level 1 in Polearms
  1145 | D:2      | Reached skill level 1 in Staves
  1145 | D:2      | Reached skill level 1 in Slings
  1145 | D:2      | Reached skill level 1 in Bows
  1145 | D:2      | Reached skill level 1 in Crossbows
  1145 | D:2      | Reached skill level 1 in Throwing
  1145 | D:2      | Reached skill level 1 in Dodging
  1145 | D:2      | Reached skill level 1 in Stealth
  1145 | D:2      | Reached skill level 1 in Unarmed Combat
  1145 | D:2      | Reached skill level 1 in Spellcasting
  1145 | D:2      | Reached skill level 1 in Evocations
  1147 | D:2      | Reached XP level 4. HP: 36/41 MP: 5/5
  1173 | D:2      | Reached skill level 1 in Conjurations
  1173 | D:2      | Reached skill level 1 in Hexes
  1173 | D:2      | Reached skill level 1 in Charms
  1173 | D:2      | Reached skill level 1 in Summonings
  1173 | D:2      | Reached skill level 1 in Necromancy
  1173 | D:2      | Reached skill level 1 in Translocations
  1173 | D:2      | Reached skill level 1 in Transmutations
  1173 | D:2      | Reached skill level 1 in Fire Magic
  1173 | D:2      | Reached skill level 1 in Ice Magic
  1173 | D:2      | Reached skill level 1 in Air Magic
  1173 | D:2      | Reached skill level 1 in Earth Magic
  1173 | D:2      | Reached skill level 1 in Poison Magic
  1420 | D:2      | Found a shattered altar of Ashenzari.
  1421 | D:2      | Found a sparkling altar of Nemelex Xobeh.
  1598 | D:3      | Reached XP level 5. HP: 47/47 MP: 6/6
  1966 | D:3      | Gained mutation: Your flesh is cold resistant. (rC+)
                  | [potion of mutation]
  1966 | D:3      | Gained mutation: You have a pair of small horns on your
                  | head. [potion of mutation]
  1966 | D:3      | Gained mutation: Your mind is acute. (Int +2) [potion of
                  | mutation]
  1966 | D:3      | Gained mutation: You expend magic power (3 MP) to
                  | strengthen your wands. [potion of mutation]
  2038 | D:4      | Found an ancient bone altar of Kikubaaqudgha.
  2066 | D:4      | Noticed an ogre
  2069 | D:4      | Killed an ogre
  2069 | D:4      | Reached XP level 6. HP: 43/53 MP: 8/8
  2095 | D:4      | Found Tyjidwun's Distillery.
  2098 | D:4      | Bought a potion of curing for 36 gold pieces
  2098 | D:4      | Bought a potion of curing for 36 gold pieces
  2191 | D:4      | Reached skill level 5 in Axes
  2269 | D:4      | Reached * piety under the Shining One
  2279 | D:4      | Reached XP level 7. HP: 39/59 MP: 8/10
  2446 | D:5      | Entered Level 5 of the Dungeon
  2902 | D:5      | Found a staircase to the Ecumenical Temple.
  2902 | D:5      | Noticed Sigmund
  2931 | D:5      | Killed Sigmund
  2931 | D:5      | Reached XP level 8. HP: 28/67 MP: 10/12
  3298 | D:5      | Found a blossoming altar of Fedhas.
  3480 | D:6      | Found a basalt altar of Yredelemnul.
  3575 | D:6      | Reached ** piety under the Shining One
  3585 | D:6      | Found Baje's Distillery.
  4058 | D:7      | Reached XP level 9. HP: 62/72 MP: 14/14
  4488 | D:7      | Learned a level 1 spell: Apportation
  4531 | D:8      | Noticed Harold
  4965 | D:8      | Noticed Prince Ribbit
  5002 | D:8      | Killed Prince Ribbit
  5094 | D:8      | Noticed Grum
  5111 | D:8      | Killed Grum
  5240 | D:8      | Found a radiant altar of Vehumet.
  5247 | D:8      | Noticed a two-headed ogre
  5271 | D:8      | Killed a two-headed ogre
  5271 | D:8      | Reached skill level 5 in Invocations
  5352 | D:8      | Reached XP level 10. HP: 46/80 MP: 17/17
  5358 | D:9      | Found Jyinyiff's Book Shoppe.
  5358 | D:9      | Found a staircase to the Orcish Mines.
  5370 | D:9      | Noticed a two-headed ogre
  5374 | D:9      | Killed Harold
  5374 | D:9      | Reached skill level 5 in Short Blades
  5374 | D:9      | Reached skill level 5 in Long Blades
  5374 | D:9      | Reached skill level 5 in Maces & Flails
  5374 | D:9      | Reached skill level 5 in Polearms
  5374 | D:9      | Reached skill level 5 in Staves
  5374 | D:9      | Reached skill level 5 in Slings
  5374 | D:9      | Reached skill level 5 in Bows
  5374 | D:9      | Reached skill level 5 in Crossbows
  5374 | D:9      | Reached skill level 5 in Throwing
  5374 | D:9      | Reached skill level 5 in Dodging
  5374 | D:9      | Reached skill level 5 in Stealth
  5374 | D:9      | Reached skill level 5 in Unarmed Combat
  5374 | D:9      | Reached skill level 5 in Spellcasting
  5374 | D:9      | Reached skill level 5 in Evocations
  6017 | D:8      | HP: 3/81 [vampire/vampiric draining (2)]
  6019 | D:8      | HP: 1/81 [vampire (3)]
  6036 | D:8      | HP: 2/82 [two-headed ogre/+0 giant spiked club (9)]
  6037 | D:8      | Demolished by a two-headed ogre

Levels and vault maps discovered:
D:1:      dpeg_arrival_tiny_c, layout_loops_cross, tso_altar
D:2:      layout_loops_cross, overflow_temple_1_default,
          gammafunk_temple_overflow_statue
D:3:      layout_rooms, first_ration, item_on_display_a
D:4:      layout_rooms, kiku_gazebo_pond_becter, serial_shops,
          nicolae_shop_behind_doors, grunt_ministairs_10
D:5:      layout_basic, fedhas_altar_2, minmay_temple_entry_gardened_gates,
          uniq_sigmund
D:6:      layout_cave_pools, serial_shops, shop, basic_altar
D:7:      layout_rooms
D:8:      layout_loops_ring, old_standard_altar, uniq_grum, uniq_harold,
          uniq_prince_ribbit1
D:9:      layout_loops_cross, due_lair_maze_entry_diamond, orc_0_dummy,
          serial_shops, shop

Skill      XL: |  1  2  3  4  5  6  7  8  9 10 |
---------------+-------------------------------+-----
Invocations    | 1 2 3 4 5 |  5.6
Short Blades   | 1 2 3 4 5 |  5.1
Long Blades    | 1 2 3 4 5 |  5.1
Maces & Flails | 1 2 3 4 5 |  5.1
Polearms       | 1 2 3 4 5 |  5.1
Staves         | 1 2 3 4 5 |  5.1
Slings         | 1 2 3 4 5 |  5.1
Bows           | 1 2 3 4 5 |  5.1
Crossbows      | 1 2 3 4 5 |  5.1
Throwing       | 1 2 3 4 5 |  5.1
Dodging        | 1 2 3 4 5 |  5.1
Stealth        | 1 2 3 4 5 |  5.1
Unarmed Combat | 1 2 3 4 5 |  5.1
Spellcasting   | 1 2 3 4 5 |  5.1
Evocations     | 1 2 3 4 5 |  5.1
Conjurations   | 1 2 3 4 |  4.2
Hexes          | 1 2 3 4 |  4.2
Charms         | 1 2 3 4 |  4.2
Summonings     | 1 2 3 4 |  4.2
Necromancy     | 1 2 3 4 |  4.2
Translocations | 1 2 3 4 |  4.2
Transmutations | 1 2 3 4 |  4.2
Fire Magic     | 1 2 3 4 |  4.2
Ice Magic      | 1 2 3 4 |  4.2
Air Magic      | 1 2 3 4 |  4.2
Earth Magic    | 1 2 3 4 |  4.2
Poison Magic   | 1 2 3 4 |  4.2
Axes           | 5 6 |  6.9
Fighting       | 7 8 |  8.4
Armour         | 7 8 |  8.4
Shields        | 7 8 |  8.4

Action                   |  1- 3 |  4- 6 |  7- 9 | 10-12 || total
-------------------------+-------+-------+-------+-------++-------
Melee: War axe           |    90 |    95 |   207 |    34 ||   426
       Bite              |    10 |    16 |    30 |    11 ||    67
       Headbutt          |       |     5 |    43 |    17 ||    65
       Mace              |       |       |       |    17 ||    17
Invok: Divine Shield     |       |       |     1 |     2 ||     3
  Use: Potion            |     2 |     3 |     6 |       ||    11
       Scroll            |       |    11 |     4 |       ||    15
  Eat: Chunk             |     1 |     3 |     7 |       ||    11
       Ration            |       |       |     6 |       ||     6
Armor: Scale mail        |    40 |    16 |       |       ||    56
       Chain mail        |       |    29 |     6 |       ||    35
       Gold dragon scale |       |       |   102 |    35 ||   137
Dodge: Dodged            |    23 |    33 |    38 |    20 ||   114
Block: Shield            |    45 |    64 |   132 |    66 ||   307
